TOP OF THE 1ST |
Little Caesars Hot N Readys batting - Pitching for Chesapeake Continentals : RHP Harold Elkins
|
Pitching: RHP Harold Elkins
|
|
Batting: RHB Lorenzo Sabastro
|
0-0: Ball 1-0: Ball 2-0: Ball 3-0: Base on Balls
|
Batting: RHB Ulbert Sutkamp
|
0-0: Ball Lorenzo Sabastro is caught stealing 2nd base 1-0: Ball 2-0: Called Strike 2-1: Foul Ball, location: 2F 2-2: Fly out, F8 (Flyball, 8RS)
|
Batting: LHB Mario Cruz
|
0-0: Called Strike 0-1: Foul Ball, location: 2F 0-2: Strikes out swinging
|
Top of the 1st over - 0 run(s), 0 hit(s), 0 error(s), 0 left on base; Little Caesars 0 - Chesapeake 0 |
BOTTOM OF THE 1ST |
Chesapeake Continentals batting - Pitching for Little Caesars Hot N Readys : LHP Jaime Carrión
|
Pitching: LHP Jaime Carrión
|
|
Batting: RHB Gustavo Varela
|
0-0: Swinging Strike 0-1: Ball 1-1: SINGLE (Groundball, 6MD)
|
Batting: LHB António González
|
0-0: Fly out, F8 (Line Drive, 8RD)
|
Batting: RHB Ju-chan Pak
|
0-0: Called Strike 0-1: Foul Ball, location: 2F 0-2: Fly out, F7 (Flyball, 7M)
|
Batting: SHB Tim Roberts
|
0-0: Ball 1-0: SINGLE (Groundball, 34D) Gustavo Varela to second Runner from 2nd tries for 3rd, SAFE, no throw or cutoff
|
Batting: RHB Brett Callison
|
0-0: Called Strike 0-1: Ball 1-1: SINGLE (Groundball, 34D) Gustavo Varela scores Tim Roberts to second Runner from 2nd tries for 3rd, SAFE, throw made to third
|
Batting: LHB Cole Thrash
|
0-0: SINGLE (Line Drive, 6M) Tim Roberts scores Brett Callison to second
|
Batting: RHB Scott Allison
|
0-0: Foul Ball, location: 2F 0-1: Ball 1-1: Ball 2-1: Called Strike 2-2: Ball 3-2: Strikes out looking
|
Bottom of the 1st over - 2 run(s), 4 hit(s), 0 error(s), 2 left on base; Little Caesars 0 - Chesapeake 2 |
TOP OF THE 2ND |
Little Caesars Hot N Readys batting - Pitching for Chesapeake Continentals : RHP Harold Elkins
|
Batting: RHB Jeffery Campbell
|
0-0: Called Strike 0-1: Fly out, F8 (Popup, 6MD)
|
Batting: LHB Sean Angwin
|
0-0: Ball 1-0: Ball 2-0: Called Strike 2-1: SINGLE (Groundball, 56)
|
Batting: RHB Zong-yuan Fung
|
0-0: Called Strike 0-1: Called Strike 0-2: Ball 1-2: Fly out, F4 (Popup, 6MD)
|
Batting: RHB Ramiro Gonzáles
|
0-0: Ball Sean Angwin steals 2nd base 1-0: SINGLE (Flyball, 78S) Sean Angwin to third Runner from 3rd tries for Home, SAFE, no throw or cutoff
|
Batting: LHB Geremia Napolitano
|
0-0: Called Strike 0-1: Ball 1-1: Swinging Strike 1-2: Ball 2-2: Ball 3-2: Strikes out looking
|
Top of the 2nd over - 1 run(s), 2 hit(s), 0 error(s), 1 left on base; Little Caesars 1 - Chesapeake 2 |
BOTTOM OF THE 2ND |
Chesapeake Continentals batting - Pitching for Little Caesars Hot N Readys : LHP Jaime Carrión
|
Batting: RHB Miguel Cruz
|
0-0: SOLO HOME RUN (Flyball, 78XD), Distance : 403 ft
|
Batting: RHB Walter Hurlson
|
0-0: Ball 1-0: Ball 2-0: Ball 3-0: Called Strike 3-1: Foul Ball, location: 2F 3-2: DOUBLE (Line Drive, 9LS)
|
Batting: RHB Gustavo Varela
|
0-0: Foul Ball, location: 2F 0-1: Called Strike 0-2: Foul Ball, location: 2F 0-2: Ball 1-2: Ball 2-2: Ball 3-2: Strikes out swinging
|
Batting: LHB António González
|
0-0: Called Strike 0-1: Called Strike 0-2: Ball 1-2: Ball 2-2: Foul Ball, location: 2F 2-2: Strikes out swinging
|
Batting: RHB Ju-chan Pak
|
0-0: Ball 1-0: Ball 2-0: Ground out 1-3 (Groundball, 13)
|
Bottom of the 2nd over - 1 run(s), 2 hit(s), 0 error(s), 1 left on base; Little Caesars 1 - Chesapeake 3 |
TOP OF THE 3RD |
Little Caesars Hot N Readys batting - Pitching for Chesapeake Continentals : RHP Harold Elkins
|
Batting: SHB Valentín Guzmán
|
0-0: Fly out, F8 (Flyball, 8RM)
|
Batting: RHB Lorenzo Sabastro
|
0-0: Called Strike 0-1: Swinging Strike 0-2: Strikes out looking
|
Batting: RHB Ulbert Sutkamp
|
0-0: Ball 1-0: Ball 2-0: Ball 3-0: Called Strike 3-1: Ground out 6-3 (Groundball, 56)
|
Top of the 3rd over - 0 run(s), 0 hit(s), 0 error(s), 0 left on base; Little Caesars 1 - Chesapeake 3 |
BOTTOM OF THE 3RD |
Chesapeake Continentals batting - Pitching for Little Caesars Hot N Readys : LHP Jaime Carrión
|
Batting: SHB Tim Roberts
|
0-0: Swinging Strike 0-1: Ball 1-1: Ball 2-1: Foul Ball, location: 2F 2-2: Ball 3-2: Foul Ball, location: 2F 3-2: Base on Balls
|
Batting: RHB Brett Callison
|
0-0: Foul Ball, location: 2F 0-1: Ball 1-1: Ball 2-1: Ball 3-1: Fielders Choice at 2nd, 1-4 (Groundball, 25)
|
Batting: LHB Cole Thrash
|
0-0: Ball 1-0: Swinging Strike 1-1: Ball 2-1: Fielders Choice at 2nd, 1-6 (Groundball, 23)
|
Batting: RHB Scott Allison
|
0-0: Ball 1-0: Called Strike 1-1: Foul Ball, location: 2F 1-2: Ball 2-2: Ball 3-2: Strikes out swinging
|
Bottom of the 3rd over - 0 run(s), 0 hit(s), 0 error(s), 1 left on base; Little Caesars 1 - Chesapeake 3 |
TOP OF THE 4TH |
Little Caesars Hot N Readys batting - Pitching for Chesapeake Continentals : RHP Harold Elkins
|
Batting: LHB Mario Cruz
|
0-0: Ball 1-0: Ball 2-0: Fly out, F7 (Flyball, 78D)
|
Batting: RHB Jeffery Campbell
|
0-0: Foul Ball, location: 2F 0-1: Ball 1-1: Swinging Strike 1-2: Fly out, F7 (Flyball, 7S)
|
Batting: LHB Sean Angwin
|
0-0: Foul Ball, location: 2F 0-1: TRIPLE (Flyball, 9LD)
|
Batting: RHB Zong-yuan Fung
|
0-0: Foul Ball, location: 2F 0-1: Ball 1-1: Ball 2-1: Ball 3-1: Called Strike 3-2: Ground out 4-3 (Groundball, 4)
|
Top of the 4th over - 0 run(s), 1 hit(s), 0 error(s), 1 left on base; Little Caesars 1 - Chesapeake 3 |
BOTTOM OF THE 4TH |
Chesapeake Continentals batting - Pitching for Little Caesars Hot N Readys : LHP Jaime Carrión
|
Batting: RHB Miguel Cruz
|
0-0: Ball 1-0: Ground out 6-3 (Groundball, 6M)
|
Batting: RHB Walter Hurlson
|
0-0: Foul Ball, location: 2F 0-1: Called Strike 0-2: Ball 1-2: Ball 2-2: Foul Ball, location: 2F 2-2: Ball 3-2: Fly out, F7 (Line Drive, 7M)
|
Batting: RHB Gustavo Varela
|
0-0: Fly out, F9 (Flyball, 9LMF)
|
Bottom of the 4th over - 0 run(s), 0 hit(s), 0 error(s), 0 left on base; Little Caesars 1 - Chesapeake 3 |
TOP OF THE 5TH |
Little Caesars Hot N Readys batting - Pitching for Chesapeake Continentals : RHP Harold Elkins
|
Batting: RHB Ramiro Gonzáles
|
0-0: Ball 1-0: Ball 2-0: Foul Ball, location: 2F 2-1: Swinging Strike 2-2: Foul Ball, location: 2F 2-2: Fly out, F9 (Flyball, 89M)
|
Batting: LHB Geremia Napolitano
|
0-0: Ball 1-0: Called Strike 1-1: Called Strike 1-2: Strikes out looking
|
Batting: SHB Valentín Guzmán
|
0-0: Foul Ball, location: 2F 0-1: Ball 1-1: SINGLE (Groundball, 4MD)
|
Batting: RHB Lorenzo Sabastro
|
0-0: Ball Valentín Guzmán is caught stealing 2nd base
|
Top of the 5th over - 0 run(s), 1 hit(s), 0 error(s), 0 left on base; Little Caesars 1 - Chesapeake 3 |
BOTTOM OF THE 5TH |
Chesapeake Continentals batting - Pitching for Little Caesars Hot N Readys : LHP Jaime Carrión
|
Batting: LHB António González
|
0-0: Ground out U3 (Groundball, 3S)
|
Batting: RHB Ju-chan Pak
|
0-0: Fly out, F8 (Flyball, 8LD)
|
Batting: SHB Tim Roberts
|
0-0: Swinging Strike 0-1: Swinging Strike 0-2: Foul Ball, location: 2F 0-2: SINGLE (Groundball, 6MD)
|
Batting: RHB Brett Callison
|
0-0: Ball 1-0: Foul Ball, location: 2F 1-1: Ball 2-1: DOUBLE (Groundball, 5L) Tim Roberts to third Runner from 3rd tries for Home, SAFE, throw made at trailing runner, SAFE at third!
|
Batting: LHB Cole Thrash
|
0-0: Swinging Strike 0-1: SINGLE (Line Drive, 34) Brett Callison scores
|
Batting: RHB Scott Allison
|
0-0: Foul Ball, location: 2F 0-1: Swinging Strike 0-2: Ball 1-2: SINGLE (Flyball, 34D) Cole Thrash to second Runner from 2nd tries for 3rd, SAFE, no throw or cutoff
|
Batting: RHB Miguel Cruz
|
0-0: Foul Ball, location: 2F 0-1: Ball 1-1: Called Strike 1-2: Ball 2-2: Strikes out swinging
|
Bottom of the 5th over - 2 run(s), 4 hit(s), 0 error(s), 2 left on base; Little Caesars 1 - Chesapeake 5 |
TOP OF THE 6TH |
Little Caesars Hot N Readys batting - Pitching for Chesapeake Continentals : RHP Harold Elkins
|
Batting: RHB Lorenzo Sabastro
|
0-0: Called Strike 0-1: Swinging Strike 0-2: Strikes out looking
|
Batting: RHB Ulbert Sutkamp
|
0-0: Ball 1-0: Ball 2-0: Ball 3-0: Called Strike 3-1: Swinging Strike 3-2: Strikes out swinging
|
Batting: LHB Mario Cruz
|
0-0: Called Strike 0-1: Ball 1-1: Foul Ball, location: 2F 1-2: Ball 2-2: Ball 3-2: Foul Ball, location: 2F 3-2: Ground out 4-3 (Groundball, 4)
|
Top of the 6th over - 0 run(s), 0 hit(s), 0 error(s), 0 left on base; Little Caesars 1 - Chesapeake 5 |
BOTTOM OF THE 6TH |
Chesapeake Continentals batting - Pitching for Little Caesars Hot N Readys : LHP Jaime Carrión
|
Batting: RHB Walter Hurlson
|
0-0: Foul Ball, location: 2F 0-1: Foul Ball, location: 2F 0-2: Strikes out swinging
|
Batting: RHB Gustavo Varela
|
0-0: Foul Ball, location: 2F 0-1: DOUBLE (Groundball, 5L)
|
Pitching: LHP Bob Greenman
|
|
Batting: LHB António González
|
0-0: Foul Ball, location: 2F 0-1: Swinging Strike 0-2: Foul Ball, location: 2F 0-2: Ball 1-2: Fly out, F2 (Popup, 2RF)
|
Batting: RHB Ju-chan Pak
|
0-0: Ball 1-0: Ball 2-0: Fly out, F9 (Flyball, 9D)
|
Bottom of the 6th over - 0 run(s), 1 hit(s), 0 error(s), 1 left on base; Little Caesars 1 - Chesapeake 5 |
TOP OF THE 7TH |
Little Caesars Hot N Readys batting - Pitching for Chesapeake Continentals : RHP Harold Elkins
|
Batting: RHB Jeffery Campbell
|
0-0: Called Strike 0-1: Ball 1-1: Foul Ball, location: 2F 1-2: Foul Ball, location: 2F 1-2: Foul Ball, location: 2F 1-2: SINGLE (Groundball, 6MD)
|
Batting: LHB Sean Angwin
|
0-0: Called Strike 0-1: Ball 1-1: Ball 2-1: Ball 3-1: Foul Ball, location: 2F 3-2: Foul Ball, location: 2F 3-2: SINGLE (Line Drive, 3S) Jeffery Campbell to second Runner from 2nd tries for 3rd, SAFE, throw made to third
|
Batting: RHB Zong-yuan Fung
|
0-0: SINGLE (Line Drive, 5L) Jeffery Campbell scores Sean Angwin to second
|
Pitching: LHP Jim Unknown
|
|
Batting: RHB Ramiro Gonzáles
|
0-0: Called Strike 0-1: Called Strike 0-2: Strikes out swinging
|
Batting: LHB Geremia Napolitano
|
0-0: Ball 1-0: SINGLE (Flyball, 8LS) Sean Angwin to third Zong-yuan Fung to second Runner from 3rd tries for Home, SAFE, throw made home Zong-yuan Fung to third Geremia Napolitano to second
|
Batting: SHB Valentín Guzmán
|
0-0: DOUBLE (Line Drive, 9LD) Zong-yuan Fung scores Geremia Napolitano scores
|
Pinch Hitting: RHB Jim Unknown
|
0-0: Ground out 3-1 (Groundball, 34) Valentín Guzmán to third
|
Batting: RHB Ulbert Sutkamp
|
0-0: SINGLE (Groundball, 56S) Valentín Guzmán scores
|
Batting: LHB Mario Cruz
|
0-0: Hit by Pitch Ulbert Sutkamp to second
|
Batting: RHB Jeffery Campbell
|
0-0: Ball Wild Pitch! Ulbert Sutkamp to third Mario Cruz to second 1-0: Swinging Strike 1-1: Fly out, F7 (Line Drive, 78D)
|
Top of the 7th over - 5 run(s), 6 hit(s), 0 error(s), 2 left on base; Little Caesars 6 - Chesapeake 5 |
BOTTOM OF THE 7TH |
Chesapeake Continentals batting - Pitching for Little Caesars Hot N Readys : LHP Bob Greenman
|
Now in CF: Jim Unknown
|
|
Batting: SHB Tim Roberts
|
0-0: Called Strike 0-1: Foul Ball, location: 2F 0-2: Strikes out swinging
|
Batting: RHB Brett Callison
|
0-0: Ball 1-0: Ball 2-0: Called Strike 2-1: Foul Ball, location: 2F 2-2: Ground out 6-3 (Groundball, 6)
|
Batting: LHB Cole Thrash
|
0-0: Called Strike 0-1: Called Strike 0-2: Ball 1-2: Fly out, F9 (Flyball, 9M)
|
Bottom of the 7th over - 0 run(s), 0 hit(s), 0 error(s), 0 left on base; Little Caesars 6 - Chesapeake 5 |
TOP OF THE 8TH |
Little Caesars Hot N Readys batting - Pitching for Chesapeake Continentals : LHP Jim Unknown
|
Batting: LHB Sean Angwin
|
0-0: Ball 1-0: Fly out, F5 (Popup, 5F)
|
Batting: RHB Zong-yuan Fung
|
0-0: Swinging Strike 0-1: Swinging Strike 0-2: Ball 1-2: Strikes out swinging
|
Batting: RHB Ramiro Gonzáles
|
0-0: Foul Ball, location: 2F 0-1: SOLO HOME RUN (Flyball, 78XD), Distance : 418 ft
|
Pitching: RHP Jim Unknown
|
|
Batting: LHB Geremia Napolitano
|
0-0: Fly out, F7 (Flyball, 7M)
|
Top of the 8th over - 1 run(s), 1 hit(s), 0 error(s), 0 left on base; Little Caesars 7 - Chesapeake 5 |
BOTTOM OF THE 8TH |
Chesapeake Continentals batting - Pitching for Little Caesars Hot N Readys : LHP Bob Greenman
|
Batting: RHB Scott Allison
|
0-0: Ball 1-0: Foul Ball, location: 2F 1-1: Called Strike 1-2: Foul Ball, location: 2F 1-2: Ball 2-2: Ball 3-2: Fly out, F6 (Line Drive, 6)
|
Batting: RHB Miguel Cruz
|
0-0: Ball 1-0: Ball 2-0: Ball 3-0: Base on Balls
|
Pitching: RHP José Juárez
|
|
Batting: RHB Walter Hurlson
|
0-0: Ground out 3-1 (Groundball, 34S) Miguel Cruz to second
|
Batting: RHB Gustavo Varela
|
0-0: Ball 1-0: Ball 2-0: Called Strike 2-1: Ground out 6-3 (Groundball, 6)
|
Bottom of the 8th over - 0 run(s), 0 hit(s), 0 error(s), 1 left on base; Little Caesars 7 - Chesapeake 5 |
TOP OF THE 9TH |
Little Caesars Hot N Readys batting - Pitching for Chesapeake Continentals : RHP Jim Unknown
|
Pitching: LHP Jim Unknown
|
|
Batting: SHB Valentín Guzmán
|
0-0: Ball 1-0: Ball 2-0: Called Strike 2-1: Swinging Strike 2-2: Foul Ball, location: 2F 2-2: Strikes out swinging
|
Pitching: RHP Eddie Singer
|
|
Batting: RHB Jim Unknown
|
0-0: Fly out, F6 (Popup, 6MD)
|
Batting: RHB Ulbert Sutkamp
|
0-0: Called Strike 0-1: Called Strike 0-2: Foul Ball, location: 2F 0-2: Hit by Pitch
|
Batting: LHB Mario Cruz
|
0-0: Called Strike 0-1: Called Strike Ulbert Sutkamp steals 2nd base 0-2: Foul Ball, location: 2F 0-2: Ball 1-2: Ball 2-2: Reached on error, E3 (Groundball, 3S) Ulbert Sutkamp to third
|
Batting: RHB Jeffery Campbell
|
0-0: Called Strike 0-1: SINGLE (Groundball, 56D) Ulbert Sutkamp scores Mario Cruz to second
|
Batting: LHB Sean Angwin
|
0-0: SINGLE (Groundball, 3D) Mario Cruz to third Jeffery Campbell to second Runner from 3rd tries for Home, SAFE, throw made home Jeffery Campbell to third Sean Angwin to second
|
Batting: RHB Zong-yuan Fung
|
0-0: Called Strike 0-1: Called Strike 0-2: Ball 1-2: Foul Ball, location: 2F 1-2: Strikes out swinging
|
Top of the 9th over - 2 run(s), 2 hit(s), 1 error(s), 2 left on base; Little Caesars 9 - Chesapeake 5 |
BOTTOM OF THE 9TH |
Chesapeake Continentals batting - Pitching for Little Caesars Hot N Readys : RHP José Juárez
|
Batting: LHB António González
|
0-0: Ball 1-0: Ball 2-0: Ball 3-0: Called Strike 3-1: Base on Balls
|
Batting: RHB Ju-chan Pak
|
0-0: Called Strike 0-1: Ball 1-1: Swinging Strike 1-2: Foul Ball, location: 2F 1-2: Strikes out looking
|
Batting: SHB Tim Roberts
|
0-0: Swinging Strike 0-1: Called Strike 0-2: SINGLE (Groundball, 34S) António González to second Runner from 2nd tries for 3rd, SAFE, no throw or cutoff
|
Pitching: LHP José Ortíz
|
|
Batting: RHB Brett Callison
|
0-0: Called Strike 0-1: Ball 1-1: Foul Ball, location: 2F 1-2: Foul Ball, location: 2F 1-2: Fielders Choice at 2nd, 6-4 (Groundball, 6M) António González scores
|
Batting: LHB Cole Thrash
|
0-0: Ball 1-0: Ground out 4-3 (Groundball, 34)
|
Bottom of the 9th over - 1 run(s), 1 hit(s), 0 error(s), 1 left on base; Little Caesars 9 - Chesapeake 6 |
|